Map: New Gettysburg LE

Players

Pandy - Winner!

  • Race: Terran Terran
  • League: Diamond

ricemonkey

  • Race: Terran Terran
  • League: Diamond

VOD

Have the link to the VOD?

Description

Time

  • Played on: July 12, 2016, 4:18 p.m.
  • Length: 13:32
Show
View Real Time Build Order
Export as new Build Order

Pandy Terran - Winner!

Build Orders: MMM Bio 

Get SALT Encoding   

  12  0:02  SCV  
  13  0:14  SCV  
  14  0:20  Supply Depot  
  14  0:26  SCV  
  15  0:42  SCV, Barracks  
  16  0:46  Refinery  
  16  0:51  Refinery  
  16  0:55  SCV  
  17  1:07  SCV  
  18  1:19  SCV  
  19  1:31  Orbital Command  
  19  1:33  Barracks Reactor  
  19  1:35  Supply Depot  
  19  1:47  Factory  
  19  1:57  SCV  
  20  2:09  Marine x2, SCV  
  23  2:21  SCV  
  23  2:27  Marine x2  
  25  2:32  Factory Tech Lab  
  25  2:34  Starport  
  25  2:39  Supply Depot  
  25  2:48  Marine x2  
  27  2:56  Siege Tank  
  30  3:06  Marine x2  
  32  3:16  Supply Depot  
  32  3:28  Siege Tank  
  32  3:33  Medivac x2  
  39  3:35  Barracks Tech Lab  
  39  3:41  Engineering Bay  
  39  3:56  Marine  
  39  3:57  SCV  
  41  4:11  Siege Tank  
  41  4:13  Missile Turret  
  41  4:16  SCV  
  44  4:27  Viking x2  
  44  4:41  SCV  
  33  5:08  SCV  
  34  5:18  Medivac  
  34  5:19  Command Center  
  36  5:24  SCV  
  37  5:41  Stimpack  
  35  5:58  SCV  
  35  6:03  Medivac  
  38  6:16  Command Center  
  38  6:19  Marine  
  39  6:31  SCV  
  40  6:37  Siege Tank  
  43  6:43  SCV  
  43  6:45  Supply Depot  
  43  6:46  Supply Depot  
  43  6:54  Marauder  
  39  7:13  SCV  
  40  7:15  Marine  
  41  7:30  Barracks  
  41  7:31  Orbital Command  
  41  7:33  Barracks  
  41  7:39  Missile Turret  
  41  7:45  SCV  
  41  7:48  Missile Turret  
  42  8:09  Marine  
  42  8:10  Barracks  
  42  8:11  Combat Shields  
  43  8:19  Barracks Reactor  
  43  8:20  SCV  
  43  8:25  SCV  
  45  8:30  Barracks Reactor  
  45  8:32  Medivac  
  45  8:33  SCV  
  48  8:35  Refinery  
  48  8:39  Refinery  
  48  8:40  Marine  
  49  8:45  SCV  
  51  8:53  SCV  
  51  8:59  Marine x2  
  51  9:00  Barracks Reactor  
  53  9:03  Barracks  
  53  9:08  SCV  
  53  9:09  SCV  
  56  9:14  Orbital Command  
  56  9:15  Marine x3  
  58  9:17  Marine  
  58  9:23  SCV, Terran Infantry Weapons Level 1  
  58  9:24  SCV  
  61  9:28  Marine  
  61  9:30  Siege Tank  
  65  9:33  Marine x2  
  65  9:35  SCV  
  67  9:48  Marine  
  67  9:49  Marine x4  
  67  9:51  Marine  
  71  9:58  Marine x2  
  73  10:02  Siege Tank  
  73  10:06  Marine x2  
  73  10:07  Marine x3  
  76  10:08  Medivac  
  76  10:09  Marine  
  76  10:10  SCV x2  
  84  10:16  Marine  
  85  10:27  SCV  
  85  10:37  Supply Depot  
  85  10:49  Supply Depot  
  85  10:58  Engineering Bay  
  85  10:59  Marine x6, SCV x2  
  85  11:00  SCV, Armory  
  93  11:10  Marine x2, Siege Tank  
  98  11:11  SCV  
  98  11:17  Marine x2  
  101  11:29  Supply Depot x2  
  101  11:37  Supply Depot  
  101  11:38  Supply Depot  
  101  11:48  Supply Depot  
  101  11:50  Marine x5, SCV x3  
  101  11:51  Marine x2  
  110  12:01  Marine  
  111  12:03  SCV x2  
  111  12:08  Marine x4, Siege Tank  
  120  12:16  Marine x3  
  120  12:18  Marine, Medivac x2  
  127  12:26  Marine  
  127  12:28  Marine x3  
  103  12:37  Marine x4  
  103  12:40  Siege Tank  
  103  12:44  Marine  
  111  12:50  Command Center  
  111  12:52  Marine x3  
  111  12:55  Marine x4  
  117  13:02  Marine  
  118  13:10  Marine x3  
Show
View Real Time Build Order
Export as new Build Order

ricemonkey Terran 

Build Orders: 1/1/1, Banshee Rush 

Get SALT Encoding   

  12  0:02  SCV  
  14  0:14  SCV  
  14  0:20  Supply Depot  
  14  0:26  SCV  
  15  0:31  Refinery  
  15  0:42  SCV  
  16  0:47  Barracks  
  16  0:54  SCV  
  17  0:58  Refinery  
  17  1:06  SCV  
  18  1:18  SCV  
  19  1:33  Orbital Command  
  19  1:38  Reaper  
  19  1:39  Factory  
  20  1:48  Supply Depot  
  20  1:59  SCV  
  21  2:11  SCV  
  21  2:15  Barracks Reactor  
  22  2:23  SCV  
  22  2:25  Starport, Factory Tech Lab  
  23  2:35  SCV  
  24  2:52  SCV  
  24  2:57  Marine x2  
  27  3:06  Supply Depot  
  27  3:07  Cloaking Field, Banshee  
  27  3:08  SCV  
  31  3:18  Supply Depot  
  31  3:22  Engineering Bay  
  31  3:27  Marine x2, SCV, Widow Mine  
  36  3:40  SCV  
  37  3:48  Marine  
  38  3:49  Command Center  
  38  3:53  Supply Depot  
  38  4:00  Banshee  
  41  4:04  SCV  
  41  4:05  Factory Tech Lab  
  42  4:10  Marine x2  
  8  5:09  SCV x2  
  8  5:12  Widow Mine  
  12  5:14  Marine x2  
  15  5:21  SCV x2  
  16  5:32  Marine  
  16  5:33  SCV x2  
  19  5:45  SCV x2  
  21  5:54  Marine x2  
  23  5:57  SCV x2  
  25  6:04  Starport Reactor  
  25  6:09  SCV  
  25  6:10  SCV  
  27  6:12  Marine  
  28  6:21  Marine  
  29  6:30  Marine  
  30  6:38  Siege Tank  
  30  6:39  Marine  
  34  6:44  SCV  
  35  6:47  Marine  
  36  7:07  Marine, SCV  
  30  7:11  Siege Tank  
  31  7:19  Viking  
  31  7:20  SCV  
  34  7:31  Orbital Command  
  34  7:32  SCV  
  34  7:33  Medivac  
  37  7:39  Marine  
  37  7:42  Marine  
  37  7:44  SCV  
  39  7:55  Orbital Command  
  39  7:56  SCV  
  39  7:57  Marine  
  41  8:00  Marine  
  42  8:15  Marine  
  42  8:16  Barracks  
  42  8:17  Barracks  
  43  8:23  SCV  
  43  8:24  SCV  
  45  8:31  Marine  
  45  8:32  Refinery  
  46  8:35  SCV  
  46  8:36  SCV  
  46  8:38  Medivac, Viking  
  52  8:44  Marine  
  52  8:47  SCV  
  55  8:48  SCV  
  55  8:55  Siege Tank  
  58  8:59  SCV  
  58  9:00  Marine, SCV  
  58  9:02  Marine  
  62  9:05  Barracks Tech Lab  
  62  9:06  Barracks Reactor  
  62  9:11  SCV  
  62  9:12  SCV  
  64  9:19  Marine x2  
  64  9:21  Medivac  
  64  9:23  SCV  
  69  9:24  SCV  
  70  9:39  Marine, SCV x2  
  70  9:46  Marine  
  70  9:51  SCV x2  
  69  10:03  SCV x2  
  65  10:09  Marine x3  
  65  10:12  Stimpack  
  68  10:16  Medivac  
  68  10:17  Barracks  
  70  10:29  SCV  
  70  10:34  Supply Depot  
  70  10:36  Marine x4, SCV, Supply Depot, Terran Infantry Weapons Level 1, Siege Tank  
  70  10:39  Engineering Bay  
  78  10:51  Supply Depot  
  78  10:55  Marine x2, Medivac, SCV x2  
  84  10:57  Refinery  
  84  11:11  SCV x2  
  86  11:12  Terran Infantry Armor Level 1  
  86  11:14  Supply Depot  
  86  11:16  Marine x3  
  86  11:17  Barracks Tech Lab  
  89  11:23  SCV  
  89  11:25  Supply Depot  
  90  11:29  Marine  
  90  11:31  Marauder  
  93  11:41  Marine x2  
  93  11:42  Marine x2, Combat Shields  
  93  11:45  Siege Tank  
  100  11:47  Marine  
  101  11:58  SCV x2  
  101  11:59  Marine x2  
  105  12:13  Marine, Command Center  
  107  12:21  Marine x4  
  107  12:22  Marauder  
  104  12:31  Marine  
  104  12:42  Marine  
  104  12:43  Marine x3  
  104  12:44  Marauder  
  110  12:48  Marine  
  110  13:00  Marine  
Tags
 
Composition
MMM Bio
Matchup
TvT
Opening
1/1/1
Race
Terran
Strategy
Banshee Rush
Add a new tag
Caveats
  • Supply blocks, unpowered buildings, or Contaminate may cause inaccurate times.
  • Supply counts are checked every 10 seconds.